Map: 2000 Atmospheres LE

Players

MaxPax - Winner!

  • Race: Protoss Protoss
  • League: Grandmaster

Geralt (Gerald)

  • Race: Protoss Protoss
  • League: Grandmaster

Event: DreamHack SC2 Masters 2021 Summer

VOD

Have the link to the VOD?

Description

Time

  • Played on: May 19, 2021, 12:26 p.m.
  • Length: 12:14

All games in this series

Show
View Real Time Build Order
Export as new Build Order

MaxPax Protoss - Winner!

Build Orders: Oracle Opening 

Get SALT Encoding   

  12  0:00  Probe  
  13  0:12  Probe  
  14  0:19  Pylon  
  14  0:24  Probe  
  15  0:37  Probe (Chrono Boost)  
  15  0:38  Gateway  
  16  0:47  Assimilator  
  16  0:48  Probe (Chrono Boost)  
  17  0:53  Probe (Chrono Boost)  
  18  1:03  Probe (Chrono Boost)  
  19  1:06  Assimilator  
  19  1:08  Pylon  
  19  1:15  Probe (Chrono Boost)  
  20  1:22  Probe (Chrono Boost)  
  20  1:25  Cybernetics Core  
  21  1:29  Probe  
  22  1:33  Zealot  
  24  1:42  Probe  
  25  1:54  Probe  
  26  2:00  Stalker (Chrono Boost)  
  28  2:06  Probe  
  28  2:08  Warp Gate  
  29  2:15  Pylon  
  29  2:19  Probe  
  29  2:24  Stargate  
  29  2:26  Adept  
  31  2:33  Probe  
  32  2:45  Probe  
  33  2:55  Nexus  
  33  2:58  Adept  
  35  3:06  Oracle (Chrono Boost)  
  35  3:07  Probe  
  39  3:16  Pylon  
  39  3:20  Shield Battery  
  39  3:33  Probe  
  38  3:41  Twilight Council  
  38  3:42  Stalker  
  40  3:48  Shield Battery  
  40  3:51  Probe  
  39  4:03  Probe  
  43  4:10  Probe  
  43  4:14  Blink (Chrono Boost)  
  43  4:16  Probe (Chrono Boost)  
  42  4:22  Probe (Chrono Boost), Gateway  
  43  4:27  Forge  
  44  4:33  Stalker  
  44  4:35  Shield Battery  
  44  4:36  Probe (Chrono Boost)  
  44  4:37  Probe (Chrono Boost)  
  47  4:45  Probe  
  47  4:47  Shield Battery  
  47  4:48  Probe  
  49  4:58  Probe  
  50  5:01  Pylon  
  50  5:05  Gateway x2  
  50  5:06  Stalker  
  50  5:08  Assimilator  
  50  5:12  Shield Battery  
  50  5:22  Protoss Ground Weapons Level 1 (Chrono Boost), Stalker  
  50  5:25  Probe x2  
  54  5:34  Shield Battery  
  54  5:37  Probe x2  
  56  5:47  Stalker x2  
  56  5:49  Probe  
  61  5:52  Nexus  
  61  5:53  Probe  
  62  5:57  Photon Cannon  
  62  6:00  Pylon  
  62  6:01  Probe  
  62  6:03  Stalker  
  65  6:05  Stalker  
  68  6:13  Probe  
  68  6:16  Pylon  
  68  6:17  Stalker  
  70  6:18  Charge  
  70  6:23  Probe, Stalker  
  73  6:31  Probe  
  74  6:37  Pylon  
  74  6:40  Stalker x3  
  74  6:42  Probe  
  81  6:49  Stalker  
  83  6:56  Probe  
  83  6:58  Probe  
  85  7:05  Probe  
  86  7:08  Probe  
  86  7:10  Probe  
  86  7:12  Gateway x2  
  86  7:14  Stalker x3  
  94  7:23  Probe, Protoss Ground Weapons Level 2 (Chrono Boost)  
  94  7:24  Photon Cannon  
  94  7:25  Probe  
  96  7:36  Robotics Facility  
  96  7:41  Probe  
  96  7:42  Zealot x4  
  105  7:48  Probe  
  99  8:05  Zealot x4  
  103  8:11  Gateway, Zealot  
  103  8:12  Zealot  
  105  8:13  Assimilator  
  105  8:15  Gateway  
  103  8:23  Photon Cannon  
  103  8:24  Immortal (Chrono Boost)  
  107  8:27  Templar Archives  
  107  8:29  Sentry  
  107  8:32  Pylon x2  
  109  8:39  Pylon  
  109  8:54  Nexus  
  109  8:55  Observer (Chrono Boost), Pylon  
  110  9:00  Gateway  
  110  9:03  Gateway  
  110  9:04  Pylon  
  110  9:08  Stalker x3  
  110  9:09  Stalker  
  118  9:11  Stalker  
  119  9:23  High Templar x2  
  125  9:24  Zealot  
  125  9:28  Archon  
  125  9:29  Probe x2  
  129  9:32  Zealot x3  
  129  9:36  Stalker  
  129  9:37  Stalker  
  137  9:44  Observer  
  138  9:52  Pylon x2  
  138  10:02  Pylon  
  132  10:10  Zealot x4  
  132  10:11  Zealot x4  
  132  10:12  Observer (Chrono Boost)  
  133  10:16  Pylon  
  133  10:20  Photon Cannon  
  133  10:33  Warp Prism (Chrono Boost)  
  133  10:34  High Templar x4  
  143  10:37  Zealot x3  
  143  10:38  Archon x2  
  149  10:46  Probe  
  149  10:47  Probe, Photon Cannon  
  151  10:53  Probe  
  151  10:54  Zealot x3  
  158  10:58  Probe  
  158  11:01  Probe  
  159  11:17  Zealot x5  
  159  11:18  Zealot x4  
  172  11:21  Zealot  
  174  11:30  Observer  
  127  11:44  Zealot x9  
  127  11:45  Zealot  
  125  11:55  Probe  
  124  12:06  Stalker x8  
  124  12:08  Stalker  
Show
View Real Time Build Order
Export as new Build Order

Geralt Protoss 

Build Orders: Blink Stalkers 

Get SALT Encoding   

  12  0:00  Probe  
  13  0:12  Probe  
  14  0:17  Pylon  
  14  0:24  Probe (Chrono Boost)  
  16  0:36  Gateway  
  16  0:37  Probe (Chrono Boost)  
  16  0:42  Probe (Chrono Boost)  
  16  0:46  Assimilator  
  17  0:51  Probe  
  18  1:03  Probe (Chrono Boost)  
  19  1:07  Assimilator  
  19  1:12  Pylon  
  19  1:13  Probe (Chrono Boost)  
  19  1:18  Probe (Chrono Boost)  
  20  1:24  Cybernetics Core  
  21  1:31  Zealot  
  21  1:32  Probe  
  24  1:37  Pylon  
  24  1:44  Probe  
  25  1:56  Probe  
  25  1:58  Warp Gate (Chrono Boost)  
  25  2:01  Stalker  
  28  2:08  Probe  
  28  2:12  Pylon  
  29  2:18  Cybernetics Core  
  29  2:20  Probe  
  30  2:30  Stalker  
  31  2:54  Pylon  
  31  2:55  Nexus  
  31  3:09  Probe, Stalker  
  32  3:15  Gateway  
  32  3:19  Shield Battery  
  32  3:28  Twilight Council  
  32  3:39  Probe  
  33  3:50  Gateway  
  33  3:51  Probe  
  34  3:57  Blink (Chrono Boost)  
  34  3:58  Stalker  
  36  4:03  Probe  
  36  4:07  Probe  
  38  4:15  Probe (Chrono Boost)  
  39  4:23  Adept  
  39  4:24  Adept  
  43  4:25  Probe (Chrono Boost)  
  43  4:28  Probe (Chrono Boost)  
  45  4:35  Probe (Chrono Boost)  
  45  4:36  Probe (Chrono Boost)  
  47  4:39  Probe (Chrono Boost)  
  47  4:42  Probe  
  49  4:46  Stalker  
  49  4:48  Stalker  
  49  4:51  Probe  
  54  4:54  Probe  
  55  5:01  Robotics Facility  
  55  5:03  Probe  
  55  5:05  Zealot  
  55  5:06  Probe  
  58  5:15  Probe  
  58  5:17  Assimilator  
  58  5:18  Probe  
  58  5:27  Probe  
  57  5:30  Probe  
  57  5:34  Nexus  
  58  5:35  Pylon  
  58  5:39  Pylon  
  57  5:49  Gateway x2  
  55  5:54  Observer (Chrono Boost)  
  55  5:55  Gateway  
  56  5:57  Stalker x2  
  56  5:59  Probe  
  61  6:06  Probe, Forge  
  61  6:08  Observer (Chrono Boost)  
  63  6:16  Probe  
  63  6:17  Shield Battery  
  64  6:26  Stalker x2  
  64  6:30  Probe  
  68  6:33  Probe  
  69  6:40  Protoss Ground Weapons Level 1 (Chrono Boost)  
  69  6:43  Probe  
  69  6:45  Immortal  
  74  6:47  Probe  
  74  6:48  Pylon  
  74  6:51  Probe  
  76  6:54  Stalker x2  
  76  6:55  Stalker  
  76  6:58  Stalker  
  84  7:06  Probe (Chrono Boost)  
  84  7:08  Probe (Chrono Boost)  
  87  7:13  Probe (Chrono Boost)  
  87  7:20  Probe (Chrono Boost)  
  87  7:22  Probe (Chrono Boost)  
  88  7:23  Probe (Chrono Boost)  
  88  7:26  Charge, Pylon  
  88  7:28  Gateway  
  91  7:32  Gateway  
  91  7:34  Gateway  
  91  7:36  Stalker  
  92  7:41  Probe  
  92  7:42  Observer (Chrono Boost)  
  92  7:44  Pylon  
  93  7:45  Pylon  
  93  7:47  Pylon  
  93  7:49  Dark Shrine  
  93  7:50  Stalker x3  
  93  8:01  Probe  
  90  8:06  Observer  
  90  8:10  Probe  
  91  8:14  Stalker x5  
  91  8:19  Probe x2  
  103  8:22  Probe  
  103  8:24  Pylon  
  103  8:26  Warp Prism (Chrono Boost), Assimilator  
  106  8:38  Protoss Ground Weapons Level 2 (Chrono Boost)  
  106  8:39  Pylon  
  106  8:41  Pylon  
  106  8:55  Photon Cannon  
  106  8:58  Pylon, Assimilator  
  106  8:59  Nexus  
  106  9:02  Nexus  
  106  9:10  Pylon  
  106  9:19  Dark Templar x4  
  106  9:22  Zealot x2  
  118  9:28  Zealot x2  
  121  9:50  Dark Templar x2  
  121  9:51  Dark Templar  
  121  9:52  Dark Templar  
  129  10:04  Zealot x2  
  129  10:05  Zealot x2  
  125  10:12  Archon x2  
  125  10:13  Probe x2  
  125  10:14  Probe  
  122  10:17  Photon Cannon  
  122  10:19  Probe, Photon Cannon  
  122  10:21  Shield Battery x2, Robotics Bay  
  123  10:22  Pylon  
  123  10:24  Assimilator  
  123  10:25  Probe x2  
  123  10:26  Probe  
  123  10:27  Zealot x2  
  130  10:29  Stalker  
  130  10:31  Probe  
  130  10:34  Probe x3  
  130  10:35  Archon, Dark Templar  
  135  10:42  Probe  
  138  10:43  Probe, Assimilator  
  138  10:44  Assimilator  
  138  10:45  Probe x2  
  138  10:46  Robotics Facility  
  142  10:53  Probe  
  142  10:55  Probe  
  143  10:57  Probe  
  143  11:02  Probe  
  141  11:05  Zealot x6  
  153  11:17  Disruptor (Chrono Boost)  
  147  11:18  Probe  
  147  11:20  Shield Battery  
  147  11:22  Probe  
  151  11:26  Dark Templar x2  
  151  11:27  Zealot  
  151  11:31  Zealot x5  
  119  11:44  Disruptor (Chrono Boost)  
  97  11:50  Stalker  
  92  11:54  Stalker  
  92  11:55  Stalker x4  
  78  12:09  Stalker x2  
Tags
 
Add a new tag
Caveats
  • Supply blocks, unpowered buildings, or Contaminate may cause inaccurate times.
  • Supply counts are checked every 10 seconds.